Map: Torres Crepusculares

Players

TheZergLord - Winner!

  • Race: Zerg Zerg
  • League: Master

AJStyles

  • Race: Terran Terran
  • League: Master

VOD

Have the link to the VOD?

Description

Time

  • Played on: Feb. 25, 2016, 12:52 p.m.
  • Length: 13:30
Show
View Real Time Build Order
Export as new Build Order

TheZergLord Zerg - Winner!

Build Orders: Hatch First, Muta Ling Bane 

Get SALT Encoding   

  12  0:01  Drone  
  13  0:14  Overlord  
  13  0:18  Drone  
  14  0:33  Drone x2  
  16  0:36  Drone  
  17  0:56  Hatchery  
  16  0:58  Drone  
  17  1:09  Spawning Pool  
  16  1:12  Drone  
  16  1:15  Extractor  
  16  1:17  Drone  
  17  1:21  Drone  
  18  1:30  Drone  
  19  1:41  Overlord  
  19  1:57  Queen, Zergling x2  
  22  2:02  Zergling x2  
  22  2:08  Queen  
  23  2:09  Zergling x2  
  26  2:18  Metabolic Boost  
  26  2:20  Drone x2  
  28  2:24  Drone  
  30  2:30  Drone  
  30  2:46  Queen  
  31  2:54  Overlord  
  31  2:58  Drone x2  
  33  3:01  Drone  
  33  3:02  Hatchery  
  33  3:11  Drone x2  
  35  3:14  Drone x3  
  35  3:18  Overlord  
  38  3:27  Drone x3  
  38  3:28  Drone  
  38  3:29  Drone  
  43  3:37  Drone  
  43  3:41  Queen x2  
  48  3:51  Overlord x2  
  48  4:01  Spine Crawler  
  47  4:11  Drone, Overlord  
  47  4:12  Drone x5  
  53  4:17  Queen  
  53  4:19  Queen  
  53  4:22  Lair  
  57  4:27  Spore Crawler  
  57  4:29  Spore Crawler  
  55  4:32  Zergling x2  
  55  4:33  Spore Crawler, Zergling x2  
  55  4:38  Zergling x6  
  56  5:11  Drone x5  
  56  5:12  Drone x4  
  56  5:14  Overlord x3  
  65  5:19  Overlord x2  
  65  5:37  Hatchery, Drone x5  
  65  5:38  Drone  
  65  5:39  Drone x3  
  65  5:41  Drone  
  74  5:45  Drone x3  
  74  5:47  Drone  
  78  5:51  Hatchery  
  78  5:54  Drone x2, Evolution Chamber  
  78  5:55  Evolution Chamber, Drone  
  78  5:58  Extractor  
  78  6:00  Extractor  
  78  6:03  Drone, Extractor  
  78  6:04  Drone x3, Extractor  
  77  6:05  Extractor  
  77  6:10  Baneling Nest  
  76  6:11  Drone  
  76  6:12  Drone x4  
  81  6:20  Zergling x14  
  88  6:31  Zerg Melee Weapons Level 1, Zerg Ground Armor Level 1  
  88  6:34  Drone x3  
  88  6:36  Drone x2  
  93  6:41  Drone  
  94  6:48  Drone  
  94  6:49  Spire  
  94  6:50  Zergling x12  
  94  6:51  Queen  
  102  6:55  Centrifical Hooks  
  102  7:05  Queen  
  102  7:08  Drone x6  
  109  7:09  Drone x2  
  109  7:10  Baneling  
  109  7:11  Baneling x3  
  112  7:20  Overlord x3  
  112  7:23  Infestation Pit  
  112  7:28  Baneling x2, Extractor x2  
  112  7:29  Baneling x3  
  109  7:30  Drone x5  
  109  7:36  Drone x3  
  109  7:37  Drone  
  117  7:54  Pneumatized Carapace  
  117  8:03  Mutalisk x6  
  117  8:04  Mutalisk x2  
  133  8:08  Overseer  
  133  8:11  Baneling x4  
  133  8:12  Zergling x8  
  137  8:13  Zergling x8  
  137  8:16  Overlord x3  
  141  8:25  Zerg Ground Armor Level 2  
  141  8:26  Zerg Melee Weapons Level 2  
  141  8:28  Overlord x2  
  141  8:38  Hive  
  141  8:42  Baneling x7  
  141  8:43  Zergling x6  
  141  8:44  Zergling x18  
  153  8:54  Zergling x2  
  153  8:55  Zergling x22  
  165  8:59  Drone x2  
  167  9:08  Hatchery  
  166  9:13  Baneling x7  
  166  9:14  Baneling x4, Zergling x2  
  166  9:15  Zergling x14  
  133  9:33  Baneling x4  
  133  9:35  Zergling x18  
  133  9:36  Zergling x20  
  152  9:39  Baneling x7  
  152  10:04  Adrenal Glands  
  152  10:05  Ultralisk Cavern  
  151  10:07  Overlord x2  
  151  10:08  Mutalisk x4  
  151  10:09  Mutalisk  
  151  10:12  Baneling  
  151  10:13  Baneling x7  
  151  10:14  Zergling x24  
  173  10:28  Drone x3  
  173  10:33  Overlord x2  
  175  10:36  Zergling x26  
  175  10:39  Baneling x3  
  175  10:40  Baneling  
  188  10:54  Chitinous Plating  
  188  10:56  Ultralisk  
  194  11:09  Ultralisk x2  
  188  11:18  Ultralisk x3  
  157  11:19  Ultralisk  
  157  11:22  Baneling  
  157  11:23  Baneling x7  
  169  11:27  Overseer  
  164  11:35  Ultralisk, Zergling x2  
  171  11:53  Zergling x30  
  171  11:54  Zergling x8  
  185  12:10  Ultralisk  
  177  12:26  Ultralisk x2  
  189  12:38  Zergling x2  
  189  12:39  Zergling x18  
  195  13:11  Extractor  
  175  13:15  Extractor  
  175  13:18  Hatchery  
Show
View Real Time Build Order
Export as new Build Order

AJStyles Terran 

Build Orders: Reaper Expand, Bio Tank 

Get SALT Encoding   

  12  0:01  SCV  
  13  0:13  SCV  
  14  0:18  Supply Depot  
  14  0:25  SCV  
  15  0:39  SCV  
  15  0:41  Barracks  
  16  0:45  Refinery  
  16  0:51  SCV  
  17  1:03  SCV  
  18  1:15  SCV  
  19  1:28  Orbital Command  
  19  1:29  Reaper  
  20  1:43  Command Center  
  20  1:48  Supply Depot  
  20  1:54  SCV  
  21  2:01  Barracks Reactor  
  21  2:04  Marine  
  21  2:06  SCV  
  23  2:11  Factory  
  23  2:14  Refinery  
  23  2:18  SCV  
  24  2:27  Barracks Reactor  
  24  2:30  SCV  
  25  2:42  SCV  
  26  2:54  SCV  
  26  2:56  Widow Mine, Starport  
  26  2:58  Orbital Command  
  29  3:03  Marine x2  
  31  3:06  SCV  
  32  3:17  Supply Depot  
  32  3:18  SCV  
  33  3:21  Marine x2  
  35  3:30  SCV x2  
  35  3:32  Medivac  
  39  3:39  Marine x2  
  41  3:42  SCV  
  41  3:43  Command Center  
  42  3:50  SCV  
  42  3:53  Factory Tech Lab  
  43  3:58  Engineering Bay, SCV  
  43  4:00  Engineering Bay  
  44  4:03  SCV  
  44  4:07  Viking  
  47  4:10  SCV  
  47  4:14  Supply Depot  
  47  4:15  SCV  
  49  4:23  SCV, Barracks  
  50  4:24  Factory Tech Lab  
  50  4:26  Terran Infantry Weapons Level 1  
  50  4:29  Terran Infantry Armor Level 1  
  50  4:33  SCV  
  50  4:36  SCV  
  52  4:40  Supply Depot  
  52  4:45  SCV  
  52  4:49  Marine x2  
  54  5:06  Siege Tank  
  47  5:07  Orbital Command, Marine x2  
  47  5:08  SCV  
  47  5:10  Barracks  
  47  5:12  SCV  
  51  5:14  Barracks  
  51  5:20  SCV  
  52  5:22  Stimpack, Marine  
  52  5:24  SCV  
  52  5:25  Marine  
  55  5:29  Supply Depot, Orbital Command, Refinery  
  55  5:32  SCV  
  55  5:35  Barracks  
  56  5:36  Barracks  
  56  5:37  Marine  
  56  5:39  Starport Reactor  
  56  5:40  Siege Tank, Marine  
  61  5:48  SCV, Marine  
  61  5:49  SCV  
  64  5:55  Armory  
  64  5:58  SCV  
  64  6:00  Refinery, SCV, Marine  
  64  6:01  SCV  
  64  6:02  Barracks Reactor  
  68  6:04  Barracks Reactor  
  68  6:10  SCV  
  69  6:12  Supply Depot x2  
  69  6:13  SCV  
  69  6:14  SCV  
  71  6:18  Marine x3  
  71  6:21  Siege Tank  
  71  6:22  SCV  
  71  6:25  Missile Turret, SCV  
  79  6:26  SCV  
  79  6:28  Missile Turret  
  80  6:35  SCV  
  80  6:37  SCV  
  80  6:38  SCV  
  80  6:39  Barracks Reactor  
  83  6:41  Marauder, Missile Turret, Marine x4  
  83  6:42  Barracks Reactor, Marine  
  83  6:47  SCV  
  91  6:50  Terran Infantry Weapons Level 2, SCV  
  91  6:51  Refinery x2  
  91  6:53  SCV  
  93  6:59  SCV  
  94  7:02  SCV  
  94  7:05  SCV  
  94  7:07  Marine x3  
  94  7:08  Marauder, Marine x3  
  104  7:11  SCV  
  104  7:12  Terran Infantry Armor Level 2  
  104  7:14  SCV  
  106  7:18  Missile Turret  
  106  7:19  Missile Turret  
  106  7:21  SCV  
  107  7:22  Medivac  
  107  7:26  Supply Depot  
  107  7:27  Supply Depot  
  107  7:28  Supply Depot  
  109  7:30  Terran Vehicle Weapons Level 1  
  109  7:40  Missile Turret  
  109  7:45  Combat Shields  
  109  7:47  Marauder, Medivac, Marine x4  
  109  7:49  Marine x6  
  109  7:50  SCV  
  125  7:51  SCV  
  125  7:52  Medivac  
  125  7:57  Supply Depot  
  125  7:58  Supply Depot  
  127  8:01  Siege Tank  
  127  8:04  Supply Depot  
  127  8:05  Marine  
  131  8:06  Marine x2  
  131  8:09  Marauder  
  131  8:10  Marine x3  
  138  8:16  SCV  
  138  8:17  Medivac  
  141  8:21  Supply Depot, Marine  
  141  8:22  Supply Depot x2, Medivac  
  144  8:27  Marine x3  
  144  8:30  Marauder  
  144  8:33  Siege Tank  
  152  8:38  Marine x4  
  152  8:39  Marine  
  157  8:43  Supply Depot x2  
  157  8:48  Medivac  
  157  8:49  Marine x3  
  157  8:52  Marauder  
  164  8:57  Marine x3  
  164  9:02  Marine x4  
  171  9:11  Command Center  
  171  9:13  Marauder, Marine x2  
  171  9:14  Marine  
  171  9:15  Marine  
  177  9:19  Siege Tank  
  177  9:20  Marine x2  
  181  9:28  Marine  
  181  9:29  Marine x3  
  147  9:31  Marine x2  
  147  9:32  Marine  
  147  9:34  Marauder  
  147  9:38  Marine x2  
  152  9:43  Terran Infantry Weapons Level 3  
  152  9:44  Terran Infantry Armor Level 3  
  154  9:51  Marine x4  
  154  9:52  Marine x4  
  160  9:55  Marine  
  160  9:59  Siege Tank  
  166  10:07  Factory  
  166  10:10  Marine  
  166  10:11  Marine x6  
  166  10:12  Marine  
  174  10:18  Marine x2  
  176  10:23  Terran Vehicle Weapons Level 2  
  176  10:24  Supply Depot  
  176  10:31  Siege Tank  
  176  10:34  Marauder, Marine x4  
  176  10:35  Marine x2  
  187  10:45  Marine x2  
  187  10:46  Marine  
  189  10:52  Factory Tech Lab  
  189  10:56  Marauder  
  191  10:57  Factory  
  191  11:05  Marine x2  
  181  11:17  Marine x4  
  181  11:18  Marine x2  
  145  11:19  Siege Tank  
  145  11:23  Planetary Fortress, Marine x3  
  137  11:33  Marine x2  
  137  11:35  Marine  
  137  11:36  Marine x3  
  137  11:37  Marine x2  
  141  11:40  Siege Tank  
  144  11:51  Siege Tank  
  144  11:53  Factory Tech Lab  
  131  11:56  Marauder, Marine x2  
  131  11:57  Liberator x2  
  131  12:00  Marine x5  
  131  12:01  Marine x2  
  142  12:12  Siege Tank  
  142  12:13  Siege Tank  
  148  12:23  Siege Tank  
  148  12:29  Refinery  
  145  12:30  Refinery, Starport  
  145  12:32  Hi-Sec Auto Tracking  
  145  12:38  Marine x3  
  148  12:44  Siege Tank  
  148  12:45  Siege Tank  
  154  12:55  Siege Tank  
Tags
 
Add a new tag
Caveats
  • Supply blocks, unpowered buildings, or Contaminate may cause inaccurate times.
  • Supply counts are checked every 10 seconds.